TOP OF THE 1ST |
Pittsburgh Pirates batting - Pitching for Los Angeles Dodgers : RHP Nick Williams
|
Pitching: RHP Nick Williams
|
|
Batting: RHB Dan Gladden
|
0-0: Called Strike 0-1: Foul Ball, location: 2F 0-2: Foul Ball, location: 2F 0-2: Foul Ball, location: 2F 0-2: Ball 1-2: Ball 2-2: Fly out, F8 (Line Drive, 8RD, EV 90.6 MPH)
|
Batting: RHB Mike C Brown
|
0-0: Ball 1-0: Ball 2-0: Ball 3-0: Called Strike 3-1: Swinging Strike 3-2: Strikes out swinging
|
Batting: RHB Rennie Stennett
|
0-0: Ground out 6-3 (Groundball, 4M, EV 107.5 MPH)
|
Top of the 1st over - 0 runs, 0 hits, 0 errors, 0 left on base; Pittsburgh 0 - Los Angeles 0 |
BOTTOM OF THE 1ST |
Los Angeles Dodgers batting - Pitching for Pittsburgh Pirates : RHP Dennis Leonard
|
Pitching: RHP Dennis Leonard
|
|
Batting: RHB Billy Sample
|
0-0: Called Strike 0-1: Ground out 6-3 (Groundball, 6MD, EV 80.6 MPH)
|
Batting: RHB Carney Lansford
|
0-0: Called Strike 0-1: Ground out 4-3 (Groundball, 4, EV 103.1 MPH)
|
Batting: RHB Dick Davis
|
0-0: Called Strike 0-1: Called Strike 0-2: Ball 1-2: Strikes out swinging
|
Bottom of the 1st over - 0 runs, 0 hits, 0 errors, 0 left on base; Pittsburgh 0 - Los Angeles 0 |
TOP OF THE 2ND |
Pittsburgh Pirates batting - Pitching for Los Angeles Dodgers : RHP Nick Williams
|
Batting: LHB Robert Lopez
|
0-0: Foul Ball, location: 2F 0-1: Fly out, F9 (Flyball, 9, EV 83.1 MPH)
|
Batting: LHB Greg Walker
|
0-0: Fly out, F8 (Flyball, 78S, EV 90.6 MPH)
|
Batting: SHB John Shelby
|
0-0: Called Strike 0-1: Foul Ball, location: 2F 0-2: Strikes out looking
|
Top of the 2nd over - 0 runs, 0 hits, 0 errors, 0 left on base; Pittsburgh 0 - Los Angeles 0 |
BOTTOM OF THE 2ND |
Los Angeles Dodgers batting - Pitching for Pittsburgh Pirates : RHP Dennis Leonard
|
Batting: RHB Jerry Keller
|
0-0: Called Strike 0-1: Ball 1-1: Foul Ball, location: 2F 1-2: Ball 2-2: Ball 3-2: Ground out 6-3 (Groundball, 6, EV 83.8 MPH)
|
Batting: RHB Gary Gaetti
|
0-0: Called Strike 0-1: Ball 1-1: Called Strike 1-2: Ball 2-2: Fly out, F8 (Flyball, 78D, EV 100.6 MPH)
|
Batting: SHB Chris W Smith
|
0-0: Ball 1-0: Called Strike 1-1: SINGLE (Groundball, 34D, EV 108.8 MPH)
|
Batting: RHB Toby Harrah
|
0-0: Ball 1-0: Called Strike 1-1: Ground out 4-3 (Groundball, 34, EV 82.5 MPH)
|
Bottom of the 2nd over - 0 runs, 1 hit, 0 errors, 1 left on base; Pittsburgh 0 - Los Angeles 0 |
TOP OF THE 3RD |
Pittsburgh Pirates batting - Pitching for Los Angeles Dodgers : RHP Nick Williams
|
Batting: SHB Ron Oester
|
0-0: Called Strike 0-1: Foul Ball, location: 2F 0-2: Foul Ball, location: 2F 0-2: Ball 1-2: Foul Ball, location: 2F 1-2: Ball 2-2: Foul Ball, location: 2F 2-2: Foul Ball, location: 2F 2-2: Strikes out looking
|
Batting: RHB Frank Hunsaker
|
0-0: Ball 1-0: Foul Ball, location: 2F 1-1: Foul Ball, location: 2F 1-2: Ground out 5-3 (Groundball, 56, EV 75.6 MPH)
|
Batting: RHB Dennis Leonard
|
0-0: Called Strike 0-1: Ball 1-1: Swinging Strike 1-2: Strikes out swinging
|
Top of the 3rd over - 0 runs, 0 hits, 0 errors, 0 left on base; Pittsburgh 0 - Los Angeles 0 |
BOTTOM OF THE 3RD |
Los Angeles Dodgers batting - Pitching for Pittsburgh Pirates : RHP Dennis Leonard
|
Batting: RHB Roberto Reyes
|
0-0: Ball 1-0: Foul Ball, location: 2F 1-1: Called Strike 1-2: Strikes out looking
|
Batting: RHB Nick Williams
|
0-0: Ball 1-0: Ground out 4-3 (Groundball, 34, EV 108.8 MPH)
|
Batting: RHB Billy Sample
|
0-0: Ball 1-0: Called Strike 1-1: Ball 2-1: Ball 3-1: Ground out 4-3 (Groundball, 4, EV 84.4 MPH)
|
Bottom of the 3rd over - 0 runs, 0 hits, 0 errors, 0 left on base; Pittsburgh 0 - Los Angeles 0 |
TOP OF THE 4TH |
Pittsburgh Pirates batting - Pitching for Los Angeles Dodgers : RHP Nick Williams
|
Batting: RHB Dan Gladden
|
0-0: Ball 1-0: Called Strike 1-1: Fly out, F9 (Flyball, 89M, EV 98.8 MPH)
|
Batting: RHB Mike C Brown
|
0-0: Ball 1-0: Called Strike 1-1: SINGLE (Flyball, 56D, EV 102.5 MPH)
|
Batting: RHB Rennie Stennett
|
0-0: Ball 1-0: Called Strike 1-1: Fly out, F9 (Flyball, 9LD, EV 79.4 MPH)
|
Batting: LHB Robert Lopez
|
0-0: Ball 1-0: Ball 2-0: Called Strike 2-1: Foul Ball, location: 2F 2-2: Ball Mike C Brown steals 2nd base 3-2: SINGLE (Flyball, 56D, EV 88.1 MPH) Mike C Brown to third Mike C Brown scores
|
Batting: LHB Greg Walker
|
0-0: Ball 1-0: Ball 2-0: Ball 3-0: Fly out, F7 (Flyball, 7S, EV 88.1 MPH)
|
Top of the 4th over - 1 run, 2 hits, 0 errors, 1 left on base; Pittsburgh 1 - Los Angeles 0 |
BOTTOM OF THE 4TH |
Los Angeles Dodgers batting - Pitching for Pittsburgh Pirates : RHP Dennis Leonard
|
Batting: RHB Carney Lansford
|
0-0: Called Strike 0-1: Called Strike 0-2: SINGLE (Line Drive, 89S, EV 111.3 MPH)
|
Batting: RHB Dick Davis
|
0-0: Swinging Strike 0-1: Foul Ball, location: 2F 0-2: Ball 1-2: Foul Ball, location: 2F 1-2: Foul Ball, location: 2F 1-2: Fielders Choice at 2nd, 6-4 (Groundball, 6S, EV 88.1 MPH)
|
Batting: RHB Jerry Keller
|
0-0: Ball 1-0: Called Strike 1-1: Ball 2-1: Foul Ball, location: 2F 2-2: Strikes out swinging
|
Batting: RHB Gary Gaetti
|
0-0: Ball 1-0: Ball 2-0: Fly out, F8 (Flyball, 8RXD, EV 99.4 MPH)
|
Bottom of the 4th over - 0 runs, 1 hit, 0 errors, 1 left on base; Pittsburgh 1 - Los Angeles 0 |
TOP OF THE 5TH |
Pittsburgh Pirates batting - Pitching for Los Angeles Dodgers : RHP Nick Williams
|
Batting: SHB John Shelby
|
0-0: Foul Ball, location: 2F 0-1: Ball 1-1: DOUBLE (Line Drive, 8LXD, EV 106.9 MPH)
|
Batting: SHB Ron Oester
|
0-0: SINGLE (Groundball, 6M, EV 96.3 MPH) John Shelby to third Runner from 3rd tries for Home, SAFE, throw by CF to home
|
Batting: RHB Frank Hunsaker
|
0-0: Ball 1-0: Foul Ball, location: 2F 1-1: Foul Ball, location: 2F 1-2: Foul Ball, location: 2F 1-2: Foul Ball, location: 2F 1-2: Ball 2-2: Foul Ball, location: 2F 2-2: Grounds into double play, 5-4-3 (Groundball, 56, EV 87.5 MPH)
|
Batting: RHB Dennis Leonard
|
0-0: Swinging Strike 0-1: Called Strike 0-2: Strikes out swinging
|
Top of the 5th over - 1 run, 2 hits, 0 errors, 0 left on base; Pittsburgh 2 - Los Angeles 0 |
BOTTOM OF THE 5TH |
Los Angeles Dodgers batting - Pitching for Pittsburgh Pirates : RHP Dennis Leonard
|
Batting: SHB Chris W Smith
|
0-0: Called Strike 0-1: Foul Ball, location: 2F 0-2: DOUBLE (Line Drive, 78D, EV 105.0 MPH)
|
Batting: RHB Toby Harrah
|
0-0: Foul Ball, location: 2F 0-1: Ball 1-1: Ball 2-1: Bunt missed! 2-2: Foul Ball, location: 2F 2-2: Ball 3-2: Foul Ball, location: 2F 3-2: Strikes out swinging
|
Batting: RHB Roberto Reyes
|
0-0: Called Strike 0-1: Called Strike 0-2: Ball 1-2: Ball 2-2: Ball 3-2: Ground out 5-3 (Groundball, 56S, EV 83.8 MPH)
|
Batting: RHB Nick Williams
|
0-0: Swinging Strike 0-1: SINGLE (Groundball, 6MD, EV 103.1 MPH) Chris W Smith to third Runner from 3rd tries for Home, SAFE, throw by CF to home Nick Williams to second
|
Batting: RHB Billy Sample
|
0-0: 2-RUN HOME RUN (Flyball, 78XD, EV 89.4 MPH), Distance : 420 ft
|
Batting: RHB Carney Lansford
|
0-0: Foul Ball, location: 2F 0-1: Called Strike 0-2: Ball 1-2: Fly out, F8 (Flyball, 8LM, EV 88.8 MPH)
|
Bottom of the 5th over - 3 runs, 3 hits, 0 errors, 0 left on base; Pittsburgh 2 - Los Angeles 3 |
TOP OF THE 6TH |
Pittsburgh Pirates batting - Pitching for Los Angeles Dodgers : RHP Nick Williams
|
Batting: RHB Dan Gladden
|
0-0: Ball 1-0: Ball 2-0: Ball 3-0: Called Strike 3-1: SINGLE (Groundball, 56D, EV 98.1 MPH)
|
Batting: RHB Mike C Brown
|
0-0: Ball 1-0: Foul Ball, location: 2F 1-1: Ball 2-1: Ball 3-1: Swinging Strike 3-2: Base on Balls Dan Gladden to second
|
Batting: RHB Rennie Stennett
|
0-0: Ball 1-0: Ball 2-0: Grounds into double play, 6-4-3 (Groundball, 6, EV 81.3 MPH) Dan Gladden to third
|
Batting: LHB Robert Lopez
|
0-0: Ball 1-0: Ball 2-0: Ground out 4-3 (Groundball, 4, EV 88.1 MPH)
|
Top of the 6th over - 0 runs, 1 hit, 0 errors, 1 left on base; Pittsburgh 2 - Los Angeles 3 |
BOTTOM OF THE 6TH |
Los Angeles Dodgers batting - Pitching for Pittsburgh Pirates : RHP Dennis Leonard
|
Batting: RHB Dick Davis
|
0-0: Ball 1-0: Called Strike 1-1: Ball 2-1: Foul Ball, location: 2F 2-2: Foul Ball, location: 2F 2-2: Foul Ball, location: 2F 2-2: Ground out 5-3 (Groundball, 5L, EV 80.6 MPH)
|
Batting: RHB Jerry Keller
|
0-0: Ball 1-0: Called Strike 1-1: Fly out, F7 (Flyball, 7, EV 86.3 MPH)
|
Batting: RHB Gary Gaetti
|
0-0: Ball 1-0: Ball 2-0: Ball 3-0: Base on Balls
|
Batting: SHB Chris W Smith
|
0-0: Ball 1-0: Called Strike 1-1: Ball 2-1: Ground out 1-3 (Groundball, 13, EV 65.6 MPH)
|
Bottom of the 6th over - 0 runs, 0 hits, 0 errors, 1 left on base; Pittsburgh 2 - Los Angeles 3 |
TOP OF THE 7TH |
Pittsburgh Pirates batting - Pitching for Los Angeles Dodgers : RHP Nick Williams
|
Batting: LHB Greg Walker
|
0-0: Ball 1-0: Foul Ball, location: 2F 1-1: Called Strike 1-2: Strikes out swinging, 2-3 out at first.
|
Batting: SHB John Shelby
|
0-0: Ball 1-0: Ball 2-0: Ball 3-0: Called Strike 3-1: Fly out, F8 (Flyball, 8RS, EV 91.9 MPH)
|
Batting: SHB Ron Oester
|
0-0: Ball 1-0: Foul Ball, location: 2F 1-1: Ball 2-1: Ball 3-1: Fly out, F9 (Line Drive, 9, EV 91.9 MPH)
|
Top of the 7th over - 0 runs, 0 hits, 0 errors, 0 left on base; Pittsburgh 2 - Los Angeles 3 |
BOTTOM OF THE 7TH |
Los Angeles Dodgers batting - Pitching for Pittsburgh Pirates : RHP Dennis Leonard
|
Batting: RHB Toby Harrah
|
0-0: Called Strike 0-1: Ball 1-1: DOUBLE (Line Drive, 5D, EV 98.1 MPH)
|
Batting: RHB Roberto Reyes
|
0-0: Called Strike 0-1: Ball 1-1: Bunted foul 1-2: Fly out, F7 (Flyball, 7LM, EV 78.8 MPH)
|
Pinch Hitting: LHB Ronald Jackson
|
0-0: Ball Toby Harrah steals 3rd base 1-0: Ground out 6-3 (Groundball, 6M, EV 103.1 MPH)
|
Batting: RHB Billy Sample
|
0-0: TRIPLE (Line Drive, 9LD, EV 110.0 MPH) Toby Harrah scores
|
Batting: RHB Carney Lansford
|
0-0: Swinging Strike 0-1: Ground out 5-3 (Groundball, 56S, EV 64.4 MPH)
|
Bottom of the 7th over - 1 run, 2 hits, 0 errors, 1 left on base; Pittsburgh 2 - Los Angeles 4 |
TOP OF THE 8TH |
Pittsburgh Pirates batting - Pitching for Los Angeles Dodgers : RHP Nick Williams
|
Pitching: RHP Chuck Porter
|
|
Batting: RHB Frank Hunsaker
|
0-0: Ball 1-0: Called Strike 1-1: SINGLE (Flyball, 78S, EV 95.0 MPH)
|
Pinch Hitting: LHB Terry Whitfield
|
0-0: Ball 1-0: Reached on error, E6 (Groundball, 6M, EV 94.4 MPH) Frank Hunsaker to second
|
Pinch Hitting: SHB Chili Davis
|
0-0: Called Strike 0-1: Foul Ball, location: 2F 0-2: Ball 1-2: Fielders Choice at 2nd, 4-6 (Groundball, 4M, EV 81.3 MPH) Frank Hunsaker to third
|
Batting: RHB Mike C Brown
|
0-0: Ball 1-0: Foul Ball, location: 2F 1-1: Ball Wild Pitch! Frank Hunsaker scores Chili Davis to second 2-1: SINGLE (Groundball, 6MS, EV 86.9 MPH) (infield hit) Chili Davis to third
|
Pitching: RHP Steve Foucault
|
|
Batting: RHB Rennie Stennett
|
0-0: Ball 1-0: Fly out, F7 (Line Drive, 7, EV 99.4 MPH) Runner from 3rd tags up, SCORES, throw by LF
|
Batting: LHB Robert Lopez
|
0-0: Ball 1-0: Ball 2-0: Foul Ball, location: 2F 2-1: Foul Ball, location: 2F 2-2: Ground out 6-3 (Groundball, 6S, EV 83.8 MPH)
|
Top of the 8th over - 2 runs, 2 hits, 1 error, 1 left on base; Pittsburgh 4 - Los Angeles 4 |
BOTTOM OF THE 8TH |
Los Angeles Dodgers batting - Pitching for Pittsburgh Pirates : RHP Dennis Leonard
|
Pitching: RHP Scott Lyman
|
|
Now in CF: Chili Davis
|
|
Batting: RHB Dick Davis
|
0-0: Ball 1-0: Fly out, F8 (Line Drive, 8RD, EV 100.0 MPH)
|
Batting: RHB Jerry Keller
|
0-0: Ball 1-0: Foul Ball, location: 2F 1-1: Foul Ball, location: 2F 1-2: SINGLE (Groundball, 6D, EV 101.9 MPH)
|
Batting: RHB Gary Gaetti
|
0-0: Called Strike 0-1: Ball 1-1: Called Strike 1-2: Foul Ball, location: 2F 1-2: Foul Ball, location: 2F 1-2: Fly out, F8 (Line Drive, 8LM, EV 90.6 MPH)
|
Batting: SHB Chris W Smith
|
0-0: Ground out 4-3 (Groundball, 34S, EV 81.3 MPH)
|
Bottom of the 8th over - 0 runs, 1 hit, 0 errors, 1 left on base; Pittsburgh 4 - Los Angeles 4 |
TOP OF THE 9TH |
Pittsburgh Pirates batting - Pitching for Los Angeles Dodgers : RHP Steve Foucault
|
Batting: LHB Greg Walker
|
0-0: Called Strike 0-1: Foul Ball, location: 2F 0-2: Strikes out swinging
|
Batting: SHB John Shelby
|
0-0: Called Strike 0-1: Ball 1-1: Ball 2-1: Ball 3-1: Base on Balls
|
Batting: SHB Ron Oester
|
0-0: Ball 1-0: Fly out, F7 (Line Drive, 7, EV 103.1 MPH)
|
Batting: RHB Frank Hunsaker
|
0-0: Foul Ball, location: 2F 0-1: Ball 1-1: Called Strike 1-2: SINGLE (Line Drive, 8RS, EV 98.8 MPH) John Shelby to second
|
Pinch Hitting: RHB William Max
|
0-0: Ball 1-0: Ball 2-0: Ball 3-0: Fly out, F8 (Line Drive, 8RD, EV 85.6 MPH)
|
Top of the 9th over - 0 runs, 1 hit, 0 errors, 2 left on base; Pittsburgh 4 - Los Angeles 4 |
BOTTOM OF THE 9TH |
Los Angeles Dodgers batting - Pitching for Pittsburgh Pirates : RHP Scott Lyman
|
Pitching: RHP Robert Alexander
|
|
Batting: RHB Toby Harrah
|
0-0: Ball 1-0: Fly out, F7 (Flyball, 7S, EV 96.9 MPH)
|
Batting: RHB Roberto Reyes
|
0-0: Ball 1-0: Called Strike 1-1: Ball 2-1: Fly out, F9 (Flyball, 9LD, EV 96.3 MPH)
|
Pinch Hitting: RHB Mike Shelton
|
0-0: Called Strike 0-1: Ball 1-1: Foul Ball, location: 2F 1-2: Foul Ball, location: 2F 1-2: Strikes out looking
|
Bottom of the 9th over - 0 runs, 0 hits, 0 errors, 0 left on base; Pittsburgh 4 - Los Angeles 4 |
TOP OF THE 10TH |
Pittsburgh Pirates batting - Pitching for Los Angeles Dodgers : RHP Steve Foucault
|
Pitching: LHP Rod Scurry
|
|
Batting: SHB Chili Davis
|
0-0: Ball 1-0: Ball 2-0: Ball 3-0: Base on Balls
|
Batting: RHB Mike C Brown
|
0-0: Called Strike 0-1: Ball 1-1: Ball 2-1: Foul Ball, location: 2F 2-2: Ball 3-2: DOUBLE (Line Drive, 7LD, EV 105.6 MPH) Chili Davis to third
|
Batting: RHB Rennie Stennett
|
0-0: Intentional Walk
|
Batting: LHB Robert Lopez
|
0-0: Called Strike 0-1: Fly out, F8 (Flyball, 8RD, EV 95.0 MPH) Runner from 3rd tags up, OUT at HOME! 8-2 Mike C Brown to third Rennie Stennett to second
|
Batting: LHB Greg Walker
|
0-0: Called Strike 0-1: Ground out 3-1 (Groundball, 34, EV 91.9 MPH)
|
Top of the 10th over - 0 runs, 1 hit, 0 errors, 2 left on base; Pittsburgh 4 - Los Angeles 4 |
BOTTOM OF THE 10TH |
Los Angeles Dodgers batting - Pitching for Pittsburgh Pirates : RHP Robert Alexander
|
Batting: RHB Billy Sample
|
0-0: Ball 1-0: Ball 2-0: Called Strike 2-1: Ball 3-1: Ground out 5-3 (Groundball, 56, EV 105.6 MPH)
|
Batting: RHB Carney Lansford
|
0-0: Called Strike 0-1: Foul Ball, location: 2F 0-2: Ball 1-2: Foul Ball, location: 2F 1-2: Ball 2-2: SINGLE (Flyball, 4MD, EV 92.5 MPH)
|
Batting: RHB Dick Davis
|
0-0: Ball 1-0: Swinging Strike 1-1: Swinging Strike 1-2: Fly out, F8 (Flyball, 8RD, EV 101.3 MPH)
|
Batting: RHB Jerry Keller
|
0-0: Ball 1-0: Ball Carney Lansford steals 2nd base 2-0: Intentional Walk
|
Batting: RHB Gary Gaetti
|
0-0: Swinging Strike 0-1: Ball 1-1: Ball 2-1: 3-RUN HOME RUN (Line Drive, 9D, EV 100.0 MPH), Distance : 398 ft
|
Bottom of the 10th over - 3 runs, 2 hits, 0 errors, 0 left on base; Pittsburgh 4 - Los Angeles 7 |
|